 Dungeon Crawl Stone Soup version 0.24.0-28-g17ded55e90 (webtiles) character file.

Game seed: 18370767882350009170, levelgen mode: deterministic

38 PentaManta the Sneak (level 3, -2/18 HPs)
             Began as a Spriggan Assassin on Nov 13, 2019.
             Shot with an arrow by a centaur (7 damage)
             ... on level 3 of the Dungeon.
             The game lasted 00:01:26 (482 turns).

PentaManta the Sneak (Spriggan Assassin)             Turns: 482, Time: 00:01:27

Health: -2/18      AC:  3    Str:  7    XL:     3   Next: 25%
Magic:  4/4        EV: 19    Int: 12    God:
Gold:   23         SH:  0    Dex: 18    Spells: 2/2 levels left

rFire    . . .     SeeInvis +   a - +2 dagger
rCold    . . .     Gourm    .   (shield restricted)
rNeg     . . .     Faith    .   b - +0 robe
rPois    .         Spirit   .   (helmet restricted)
rElec    .         Reflect  .   c - +0 cloak
rCorr    .         Harm     .   (gloves unavailable)
MR       .....                  (boots unavailable)
Stlth    +++.......             (no amulet)
HPRegen  0.06/turn              (no ring)
MPRegen  0.09/turn              (no ring)

@: very quick
A: very small, unfitting armour, see invisible, herbivore, speed 3, slow
metabolism 2
a: no special abilities


You were on level 3 of the Dungeon.
You were not hungry.

You visited 1 branch of the dungeon, and saw 4 of its levels.

You collected 23 gold pieces.

Inventory:

Hand Weapons
 a - a +2 dagger (weapon)
Missiles
 d - 8 poisoned darts (quivered)
 e - 2 curare-tipped darts
Armour
 b - a +0 robe (worn)
 c - a +0 cloak (worn)
Scrolls
 h - 3 scrolls of teleportation {unknown}
 j - a scroll of amnesia {unknown}
 k - a scroll of identify {unknown}
 l - a scroll of magic mapping {unknown}
Potions
 g - a potion of resistance {unknown}
 i - 2 potions of curing {unknown}
Comestibles
 f - 3 rations


   Skills:
 - Level 1.5 Fighting
 + Level 2.7 Short Blades
 - Level 2.0 Throwing
 * Level 3.5 Dodging
 + Level 6.3 Stealth


You had 2 spell levels left.
You didn't know any spells.
Your spell library was empty.

Dungeon Overview and Level Annotations

Branches:
Dungeon (4/15)
 Temple: D:4-7

Altars:


Innate Abilities, Weirdness & Mutations

You are very small and have problems with some larger weapons.
You are too small for most types of armour.
You have supernaturally acute eyesight. (SInv)
You are a herbivore.
You cover ground extremely quickly.
You need to consume almost no food.


Message History

Ouch! That really hurt!
You see here 9 gold pieces.
You now have 23 gold pieces (gained 9).
The worm misses you.
There is a stone staircase leading up here.
You climb upwards.
An orc and a centaur come into view.
There is a stone staircase leading down here.
The orc shouts!
The centaur shouts!
You hear a shout!
You hit the centaur.
The centaur is lightly wounded.
The centaur hits you.
* * * LOW HITPOINT WARNING * * *
The centaur hits you but does no damage.
You hit the centaur but do no damage.
The centaur is lightly wounded.
The centaur closely misses you.
The centaur wields a +0 shortbow.
The centaur shoots an arrow.
The arrow hits you!
You die...

... #.#
#o# #.#
#.# #.#
########.#
......c.@#
##########


You could see a centaur and an orc.

Vanquished Creatures
  An ooze (D:2)
  A dart slug (D:1)
  3 leopard geckos
  2 giant cockroaches (D:1)
  2 goblins
  5 hobgoblins
  2 kobolds (D:1)
  5 bats
  A frilled lizard (D:1)
  4 rats (D:1)
26 creatures vanquished.

Notes
Turn   | Place    | Note
-------+----------+-------------------------------------------
     0 | D:1      | PentaManta the Spriggan Assassin began the quest for the
                  | Orb.
     0 | D:1      | Reached XP level 1. HP: 10/10 MP: 2/2
    76 | D:1      | Reached skill level 6 in Stealth
    92 | D:1      | Reached XP level 2. HP: 12/14 MP: 3/3
   407 | D:2      | Reached XP level 3. HP: 18/18 MP: 4/4
   462 | D:2      | You fall into a shaft and drop 2 floors!
   478 | D:3      | Noticed a centaur
   482 | D:3      | Shot with an arrow by a centaur

Levels and vault maps discovered:
D:1:      dpeg_arrival_rooms_c, layout_rooms
D:2:      layout_basic, minitemple, first_ration, uniq_sigmund
D:3:      layout_basic, nicolae_overflow_crystal_walls, hex_medium,
          minmay_statues_item, nicolae_gozag_cash_rules_everything_around_me
D:4:      layout_gridville, kennysheep_mini_moat, uniq_natasha

Skill      XL: |  1  2 |
---------------+-------+-----
Dodging        | 2 3 |  3.5
Stealth        | 6 |  6.3
Fighting       | |  1.5
Short Blades   | |  2.7
Throwing       | |  2.0

Action                   || total
-------------------------++-------
Melee: Dagger            ||    88
 Stab: Sleeping          ||     7
       Distracted        ||     1
Armor: Robe              ||    12
Dodge: Dodged            ||    76
